 Dungeon Crawl Stone Soup version 0.18.1-5-g4a78601 (webtiles) character file.

8985 shmeve the Peltast (level 11, -1/139 HPs)
             Began as a Minotaur Berserker on May 11, 2016.
             Was a High Priest of Trog.
             Slain by a stone giant (13 damage)
             ... on level 1 of the Orcish Mines.
             The game lasted 00:19:15 (9143 turns).

shmeve the Peltast (Minotaur Berserker)             Turns: 9143, Time: 00:19:15

Health: -1/139     AC: 13    Str: 32    XL:     11   Next: 17%
Magic:  0/19       EV: 10    Int:  5    God:    Trog [*****.]
Gold:   637        SH: 15    Dex: 10    Spells: 0 memorised, 10 levels left

rFire  . . .     SeeInvis +     D - +0 war axe
rCold  + . .     Gourm    .     Q - +1 chain mail "Kuuguo" {+Inv rC+ Str+3 Slay+2} (curse)
rNeg   . . .     Faith    .     L - +0 shield {reflect}
rPois  .         Spirit   +     (helmet restricted)
rElec  .         Dismiss  .     (no cloak)
rCorr  .         Reflect  +     F - +0 pair of gloves
SustAt .         Harm     .     H - +0 pair of boots
MR     ++...                    G - amulet "Biung" {Spirit MP+9}
Stlth  ..........               E - ring of see invisible
                                p - +6 ring of slaying

@: berserking, regenerating, drained, very quick, very resistant to hostile
enchantments, extremely unstealthy
A: retaliatory headbutt, horns 2
a: Berserk, Trog's Hand, Brothers in Arms, Burn Spellbooks, Renounce Religion,
Evoke Invisibility


You were on level 1 of the Orcish Mines.
You worshipped Trog.
Trog was extremely pleased with you.
You were very hungry.

You visited 2 branches of the dungeon, and saw 11 of its levels.

You collected 763 gold pieces.
You spent 126 gold pieces at shops.

Inventory:

Hand Weapons
 D - a +0 war axe (weapon)
Armour
 F - a +0 pair of gloves (worn)
 H - a +0 pair of boots (worn)
 L - a +0 shield of reflection (worn)
 Q - the cursed +1 chain mail "Kuuguo" (worn) {+Inv rC+ Str+3 Slay+2}
   (You found it on level 9 of the Dungeon)

   It affects your strength (+3).
   It affects your accuracy and damage with ranged weapons and melee attacks
   (+2).
   It protects you from cold.
   It lets you turn invisible.
   It has a curse placed upon it.
Jewellery
 p - a +6 ring of slaying (left hand)
 E - a ring of see invisible (right hand)
 G - the amulet "Biung" (around neck) {Spirit MP+9}
   (You found it on level 6 of the Dungeon)

   [amulet of guardian spirit]

   It causes incoming damage to be split between your health and magic.
   It affects your magic capacity (+9).
Wands
 a - a wand of lightning (8/15)
 x - a wand of digging (14/24)
Scrolls
 e - 13 scrolls of identify {unknown}
 f - 2 scrolls of fog {unknown}
 j - 6 scrolls of remove curse {unknown}
 k - 3 scrolls of recharging {unknown}
 m - 2 scrolls of random uselessness {unknown}
 y - a scroll of blinking {unknown}
 z - 5 scrolls of teleportation {unknown}
 A - a scroll of enchant weapon {unknown}
 B - a scroll of immolation {unknown}
 C - a scroll of amnesia {unknown}
 I - a scroll of enchant armour {unknown}
 J - 2 scrolls of magic mapping {unknown}
Potions
 b - 2 potions of heal wounds {unknown}
 g - 3 potions of haste
 h - 2 potions of might {unknown}
 l - a potion of berserk rage {unknown}
 n - 2 potions of degeneration {unknown}
 o - 2 potions of invisibility {unknown}
 q - 6 potions of curing {unknown}
 t - 3 potions of lignification {unknown}
 u - a potion of beneficial mutation {unknown}
 w - a potion of cure mutation {unknown}
 K - a potion of cancellation {unknown}
 M - a potion of flight {unknown}
 P - a potion of mutation {unknown}
Books
 N - a book of Enchantments

   Spells                             Type                      Level
   a - Cause Fear                     Hexes                        4
   b - Yara's Violent Unravelling     Hexes/Transmutation          5
   c - Silence                        Hexes/Air                    5
   d - Deflect Missiles               Charms/Air                   6
   e - Haste                          Charms                       6
   f - Discord                        Hexes                        8
   Trog disapproves of the use of such an item.
Comestibles
 c - 13 bread rations
 d - 4 slices of pizza
 i - 2 royal jellies
 r - 5 meat rations
 s - 8 beef jerkies
 v - 2 fruits


   Skills:
 * Level 7.7(7.0) Fighting
 * Level 7.8(7.1) Axes
 + Level 3.6(3.0) Throwing
 + Level 5.4(4.7) Armour
 + Level 4.3(3.6) Dodging
 * Level 15.6(14.8) Shields


You had 10 spell levels left.
You didn't know any spells.

Dungeon Overview and Level Annotations

Branches:
Dungeon (10/15)            Temple (0/1) D:5            Lair (0/8) D:10
    Orc (1/2) D:10

Altars:
Ashenzari
Cheibriados
Elyvilon
Fedhas
Makhleb
Nemelex Xobeh
Okawaru
Pakellas
Sif Muna
Xom
Yredelemnul

Shops:
D:4 :   D:8 [


Innate Abilities, Weirdness & Mutations

You reflexively headbutt those who attack you in melee.
You have a pair of horns on your head.


Message History

An orc priest comes into view.
A red film seems to cover your vision as you go berserk!
You feel yourself moving faster!
You feel mighty!
You are feeling very hungry.
The orc priest shouts!
The orc priest calls down the wrath of Beogh upon you.
Beogh smites you!
* * * LOW HITPOINT WARNING * * *
An orc comes into view. It is wielding a dagger.
The orc shouts!
You slash the stone giant! You headbutt the stone giant.
The stone giant is heavily wounded.
You slash the orc!
You feel the power of Trog in you as your rage grows.
You kill the orc!
Trog accepts your kill.
You slash the stone giant!
The stone giant is severely wounded.
The stone giant hits you!
You die...

## ##.####
#.....####
###.....#>.#
##..........###
#.............#
.......C@(....#
........).......#
.(.....#..$.....#
.......###.......
......# o.....$
.....# o......
..... .$.....
..... ......#


You could see a stone giant, an orc priest and an orc.

Vanquished Creatures
  Pikel (D:8)
  A hill giant (D:10)
  A cyclops (D:8)
  An orc sorcerer (Orc:1)
  Psyche (D:8)
  2 trolls
  Grinder (D:3)
  A wyvern (D:9)
  Grum (D:8)
  2 hungry ghosts
  2 water moccasins
  6 orc warriors
  2 slaves (D:8)
  An ice beast (D:7)
  A wasp (D:9)
  A sky beast (D:8)
  2 necrophages
  2 centaurs (D:10)
  2 phantoms
  4 wolves (D:8)
  6 ogres
  A crocodile (D:9)
  3 big kobolds
  7 giant frogs
  3 scorpions
  9 killer bees
  4 howler monkeys
  4 crimson imps
  4 jellies
  7 orc priests
  9 hounds
  4 orc wizards
  2 iguanas
  6 worker ants
  4 sheep (D:8)
  3 hound zombies
  A worker ant zombie (D:5)
  Robin (D:3)
  A howler monkey skeleton (D:6)
  3 gnolls (D:7)
  15 adders
  3 shadow imps
  An ooze (D:2)
  An adder zombie (D:6)
  An adder skeleton (D:8)
  2 worms
  4 dart slugs
  7 giant geckos
  30 orcs
  3 giant cockroaches
  12 goblins
  8 hobgoblins
  22 jackals
  3 quokkas
  4 bats
  10 giant newts
  A jackal skeleton (D:5)
  15 kobolds
  7 rats
266 creatures vanquished.

Vanquished Creatures (collateral kills)
  The ghost of StoryTimeSA the Martial Artist, a journeyman OpSk of Gozag (D:8)
1 creature vanquished.

Vanquished Creatures (others)
  An ugly thing (D:6)
  A slave (D:8)
  A howler monkey (D:8)
  An orc wizard (D:10)
  7 kobolds (D:8)
  A howler monkey zombie (D:8)
12 creatures vanquished.

Grand Total: 279 creatures vanquished

Notes
Turn   | Place    | Note
--------------------------------------------------------------
     0 | D:1      | shmeve the Minotaur Berserker began the quest for the Orb.
     0 | D:1      | Reached XP level 1. HP: 19/19 MP: 0/0
   415 | D:1      | Reached XP level 2. HP: 20/27 MP: 1/1
   909 | D:2      | Reached XP level 3. HP: 32/33 MP: 2/2
   946 | D:2      | Reached ** piety under Trog
  1024 | D:2      | Reached skill level 1 in Throwing
  1346 | D:2      | Found a white marble altar of Elyvilon.
  1389 | D:2      | Found a shattered altar of Ashenzari.
  1389 | D:2      | Found a burning altar of Makhleb.
  1429 | D:3      | Reached XP level 4. HP: 19/41 MP: 3/3
  1889 | D:3      | Noticed Grinder
  1896 | D:3      | Killed Grinder
  1896 | D:3      | Reached skill level 5 in Fighting
  1896 | D:3      | Reached skill level 5 in Axes
  1896 | D:3      | Reached XP level 5. HP: 46/48 MP: 4/4
  1896 | D:3      | Reached XP level 6. HP: 54/56 MP: 5/5
  1966 | D:3      | Noticed Robin
  1968 | D:3      | Killed Robin
  2526 | D:4      | Found Sotwon's Book Shop.
  2775 | D:4      | Found a sparkling altar of Nemelex Xobeh.
  2886 | D:4      | Reached *** piety under Trog
  3045 | D:4      | Reached XP level 7. HP: 48/63 MP: 6/6
  3386 | D:5      | Entered Level 5 of the Dungeon
  3399 | D:5      | Noticed a hungry ghost
  3417 | D:5      | Killed a hungry ghost
  3705 | D:5      | Reached skill level 1 in Shields
  3761 | D:5      | Reached skill level 2 in Shields
  3761 | D:5      | Reached XP level 8. HP: 56/73 MP: 7/7
  3763 | D:5      | Reached skill level 3 in Shields
  3770 | D:5      | Reached skill level 4 in Shields
  4032 | D:5      | Found a staircase to the Ecumenical Temple.
  4187 | D:5      | Reached skill level 5 in Shields
  4436 | D:6      | Reached skill level 6 in Shields
  4464 | D:6      | Reached skill level 7 in Shields
  4475 | D:6      | Got a smoking ivory amulet
  4476 | D:6      | Identified the amulet "Biung" {Spirit MP+9} (You found it on level 6 of the Dungeon)
  4509 | D:6      | Reached **** piety under Trog
  4533 | D:6      | Reached skill level 8 in Shields
  4543 | D:6      | Reached skill level 9 in Shields
  4783 | D:6      | Found an oddly glowing altar of Pakellas.
  4784 | D:6      | Noticed a cyan ugly thing
  4791 | D:6      | Killed a cyan ugly thing
  5074 | D:7      | Reached XP level 9. HP: 67/79 MP: 8/8
  5300 | D:7      | Reached skill level 10 in Shields
  5429 | D:7      | Found a basalt altar of Yredelemnul.
  5604 | D:7      | Found a snail-covered altar of Cheibriados.
  5604 | D:7      | Found a deep blue altar of Sif Muna.
  5606 | D:7      | Found an iron altar of Okawaru.
  5608 | D:7      | Found a shimmering altar of Xom.
  5852 | D:8      | Reached skill level 11 in Shields
  5904 | D:8      | Found Nearhaill's Antique Armour Boutique.
  5913 | D:8      | Bought a shiny shield for 126 gold pieces
  5976 | D:8      | Noticed Grum
  5998 | D:8      | Killed Grum
  5998 | D:8      | Reached skill level 12 in Shields
  6070 | D:8      | Noticed StoryTimeSA's ghost (journeyman OpSk)
  6093 | D:8      | Killed StoryTimeSA's ghost
  6131 | D:8      | Noticed Psyche
  6140 | D:8      | Killed Psyche
  6140 | D:8      | Reached skill level 13 in Shields
  6140 | D:8      | Reached XP level 10. HP: 77/86 MP: 9/9
  6331 | D:8      | Noticed a cyclops
  6346 | D:8      | Killed a cyclops
  6608 | D:8      | Noticed Pikel
  6614 | D:8      | Killed Pikel
  6614 | D:8      | Reached skill level 14 in Shields
  7266 | D:9      | Reached ***** piety under Trog
  7469 | D:9      | Reached skill level 15 in Shields
  7743 | D:9      | Got a smoking chain mail
  7754 | D:9      | Identified the cursed +1 chain mail "Kuuguo" {+Inv rC+ Str+3 Slay+2} (You found it on level 9 of the Dungeon)
  7852 | D:9      | Found a blossoming altar of Fedhas.
  7852 | D:9      | Found a basalt altar of Yredelemnul.
  8092 | D:10     | Entered Level 10 of the Dungeon
  8577 | D:10     | Noticed a hill giant
  8583 | D:10     | Killed a hill giant
  8588 | D:10     | Found a staircase to the Lair.
  8637 | D:10     | Reached skill level 5 in Armour
  8637 | D:10     | Reached XP level 11. HP: 82/92 MP: 10/10
  8741 | D:10     | Found a staircase to the Orcish Mines.
  9132 | Orc:1    | Entered Level 1 of the Orcish Mines
  9132 | Orc:1    | Noticed a stone giant
  9132 | Orc:1    | Noticed an orc sorcerer
  9137 | Orc:1    | Killed an orc sorcerer
  9143 | Orc:1    | Slain by a stone giant

Skill      XL: |  1  2  3  4  5  6  7  8  9 10 |
---------------+-------------------------------+-----
Axes           | 4 5 6 7 |  7.8
Fighting       | 4 5 6 7 |  7.7
Throwing       | 1 2 3 |  3.6
Armour         | 3 4 5 |  5.4
Dodging        | 3 4 |  4.3
Shields        | 2 9 13 15 | 15.6

Action                   |  1- 3 |  4- 6 |  7- 9 | 10-12 || total
-------------------------+-------+-------+-------+-------++-------
Melee: Hand axe          |    66 |    65 |     5 |       ||   136
       Headbutt          |    11 |    12 |    41 |    50 ||   114
       War axe           |       |       |   206 |   208 ||   414
Invok: Berserk           |     1 |       |     2 |     3 ||     6
       Trog's Hand       |       |     3 |     2 |     1 ||     6
       Burn Spellbooks   |       |       |     3 |       ||     3
       Brothers in Arms  |       |       |     1 |       ||     1
  Eat: Chunk             |     1 |     7 |    13 |    12 ||    33
       Fruit             |       |       |     4 |       ||     4
Armor: Animal skin       |     8 |       |       |       ||     8
       Ring mail         |     4 |    15 |       |       ||    19
       Plate armour      |       |    14 |   133 |    45 ||   192
       Chain mail        |       |       |       |    25 ||    25
Dodge: Dodged            |    49 |    30 |    59 |    69 ||   207
Block: Shield            |       |       |    76 |   164 ||   240
       Reflection        |       |       |       |    17 ||    17
